 Dungeon Crawl Stone Soup version 0.23.1 (webtiles) character file.

Game seed: 0

762 dengdeng the Cleaver (level 7, 0/62 HPs)
             Began as a Hill Orc Berserker on Mar 16, 2019.
             Was a Priest of Trog.
             Slain by a phantom (5 damage)
             ... on level 5 of the Dungeon.
             The game lasted 00:15:12 (3639 turns).

dengdeng the Cleaver (Hill Orc Berserker)           Turns: 3639, Time: 00:15:12

Health: 0/62       AC: 10    Str: 22    XL:     7   Next: 81%
Magic:  7/7        EV:  8    Int: 10    God:    Trog [***...]
Gold:   146        SH:  0    Dex: 10    Spells: 6/6 levels left

rFire    . . .     SeeInvis .   q - -2 executioner's axe
rCold    . . .     Gourm    .   (shield currently unavailable)
rNeg     . . .     Faith    .   h - +0 chain mail
rPois    .         Spirit   .   (no helmet)
rElec    .         Reflect  .   (no cloak)
rCorr    .         Harm     .   (no gloves)
MR       .....                  s - +0 pair of boots
Stlth    ..........             (no amulet)
HPRegen  0.20/turn              d - +3 ring of intelligence
MPRegen  0.10/turn              (no ring)

@: berserk cooldown
A: no striking features
a: Berserk, Trog's Hand, Renounce Religion


You were on level 5 of the Dungeon.
You worshipped Trog.
Trog was most pleased with you.
You were very hungry.

You visited 1 branch of the dungeon, and saw 5 of its levels.

You collected 146 gold pieces.

Inventory:

Hand Weapons
 a - a +0 hand axe
 q - a -2 executioner's axe (weapon)
Missiles
 f - 194 stones (quivered)
Armour
 h - a +0 chain mail (worn)
 o - a +2 buckler
 s - a +0 pair of boots (worn)
Jewellery
 d - a +3 ring of intelligence (left hand)
Scrolls
 e - a scroll of random uselessness {unknown}
 j - 2 scrolls of magic mapping {unknown}
 k - 3 scrolls of remove curse {unknown}
 l - a scroll of fog {unknown}
 r - a scroll of identify {unknown}
Potions
 b - 4 potions of mutation {unknown}
 g - 2 potions of might {unknown}
 i - 3 potions of curing {unknown}
 m - a potion of lignification {unknown}
 n - a potion of haste {unknown}
 p - a potion of agility {unknown}
Comestibles
 c - a ration


   Skills:
 + Level 5.7 Fighting
 + Level 8.1 Axes
 + Level 0.3 Throwing
 + Level 4.8 Armour
 + Level 2.3 Dodging
 + Level 0.5 Stealth
 + Level 2.1 Shields


You had 6 spell levels left.
You didn't know any spells.
Your spell library was empty.

Dungeon Overview and Level Annotations

Branches:
Dungeon (5/15)
 Temple: D:4-7

Altars:
Elyvilon
Makhleb
Vehumet
The Shining One


Message History

The phantom is severely damaged.
Throwing (i - inventory)
f - 197 stones (quivered)
Press: ? - help, Shift-Dir - straight line, f/p - phantom
Aim: a phantom (severely damaged)
You throw a stone. The stone hits the phantom.
The phantom is severely damaged.
Throwing (i - inventory)
f - 196 stones (quivered)
Press: ? - help, Shift-Dir - straight line, f/p - phantom
Aim: a phantom (severely damaged)
You throw a stone. The stone closely misses the phantom.
Throwing (i - inventory)
f - 195 stones (quivered)
Press: ? - help, Shift-Dir - straight line, f/p - phantom
Aim: a phantom (severely damaged)
You throw a stone. The stone closely misses the phantom.
You closely miss the phantom.
The phantom is severely damaged.
The phantom hits you.
* * * LOW HITPOINT WARNING * * *
The phantom hits you.
You die...

.<....#
..........
....#.#
#..####..#
....#[# ##.# #
.....(# #..§
...... #...# .
#####....# #...#
..(##...#....#..
.....
#..((.!.#......#
.(.....W@†.......
.....#...#.......
.#...............
#>#.#...#(.###..
...#.#...#.!# .
.# # #.....(#
.#.###.# #... .#


You could see a phantom.

Vanquished Creatures
  Grinder (D:5)
  An ice beast (D:5)
  5 scorpions (D:4)
  A crimson imp (D:4)
  A hound (D:4)
  An orc priest (D:3)
  A worker ant (D:2)
  4 adders
  2 worms
  A dart slug (D:1)
  3 leopard geckos
  2 orcs (D:3)
  A ball python (D:1)
  4 giant cockroaches
  7 hobgoblins
  6 jackals
  15 bats
  10 frilled lizards
  3 goblins
  A jackal skeleton (D:4)
  A jackal zombie (D:5)
  3 kobolds
  2 quokka skeletons (D:4)
  3 rats
  A fungus (D:4)
80 creatures vanquished.

Vanquished Creatures (others)
  A fungus (D:4)
1 creature vanquished.

Grand Total: 81 creatures vanquished

Notes
Turn   | Place    | Note
-------+----------+-------------------------------------------
     0 | D:1      | dengdeng the Hill Orc Berserker began the quest for the
                  | Orb.
     0 | D:1      | Reached XP level 1. HP: 19/19 MP: 1/1
   245 | D:1      | Reached XP level 2. HP: 27/27 MP: 2/2
   747 | D:2      | Reached XP level 3. HP: 26/33 MP: 3/3
   945 | D:2      | Reached skill level 5 in Axes
   945 | D:2      | Reached XP level 4. HP: 12/41 MP: 4/4
  1270 | D:2      | Reached ** piety under Trog
  1719 | D:2      | You fall through a shaft for 2 floors!
  1748 | D:4      | Reached skill level 1 in Shields
  1748 | D:4      | Reached XP level 5. HP: 36/47 MP: 5/5
  1798 | D:4      | Reached skill level 6 in Axes
  1798 | D:4      | Reached XP level 6. HP: 20/53 MP: 6/6
  2210 | D:4      | Reached skill level 5 in Fighting
  2946 | D:4      | Found a burning altar of Makhleb.
  2954 | D:4      | Found a radiant altar of Vehumet.
  3014 | D:5      | Entered Level 5 of the Dungeon
  3014 | D:5      | Noticed a phantom
  3285 | D:3      | Reached XP level 7. HP: 21/61 MP: 7/7
  3574 | D:3      | Found a glowing golden altar of the Shining One.
  3574 | D:3      | Found a white marble altar of Elyvilon.
  3584 | D:3      | You fall through a shaft for 2 floors!
  3584 | D:5      | Noticed Grinder
  3591 | D:5      | Paralysed by Grinder for 5 turns
  3601 | D:5      | Reached *** piety under Trog
  3601 | D:5      | Reached skill level 7 in Axes
  3604 | D:5      | Paralysed by Grinder for 2 turns
  3613 | D:5      | Killed Grinder
  3616 | D:5      | Reached skill level 8 in Axes
  3625 | D:5      | HP: 2/62 [phantom (4)]
  3639 | D:5      | Slain by a phantom

Skill      XL: |  1  2  3  4  5  6  7 |
---------------+----------------------+-----
Fighting       | 4 5 |  5.7
Axes           | 5 6 8 |  8.1
Armour         | 3 4 |  4.8
Shields        | 1 2 |  2.1
Dodging        | 2 |  2.3
Throwing       | |  0.3
Stealth        | |  0.5

Action                   |  1- 3 |  4- 6 |  7- 9 || total
-------------------------+-------+-------+-------++-------
Melee: Hand axe          |    99 |   111 |       ||   210
       Executioner's axe |       |   137 |    42 ||   179
Throw: Stone             |       |    12 |     8 ||    20
Invok: Berserk           |       |     2 |     1 ||     3
  Eat: Chunk             |       |     8 |       ||     8
       Ration            |       |     1 |       ||     1
Armor: Chain mail        |    70 |   237 |    41 ||   348
       Animal skin       |     1 |       |       ||     1
Dodge: Dodged            |    37 |   181 |    28 ||   246
Block: Buckler           |       |    20 |       ||    20
